DBL
MONTREAL EXPOS @ COLORADO ROCKIES
05/21/1997
 
TOP OF THE 1ST
Montreal Expos batting - Pitching for Colorado Rockies : RHP Jason Schmidt
Pitching: RHP Jason Schmidt
Batting: SHB Ricky Otero 0-0: Foul Ball, location: 2F
0-1: Fly out, F4 (Popup, 4M, EV 63.8 MPH)
Batting: SHB Gregg Jefferies 0-0: Ball
1-0: Foul Ball, location: 2F
1-1: Fly out, F8 (Flyball, 8RM, EV 81.3 MPH)
Batting: RHB Matt Williams 0-0: SINGLE (Flyball, 89M, EV 93.8 MPH)
Batting: RHB Raul Mondesi 0-0: Ball
Matt Williams steals 2nd base
1-0: Called Strike
1-1: Ball
2-1: Ball
3-1: Swinging Strike
3-2: Base on Balls
Batting: LHB Hal Morris 0-0: Ball
1-0: Ball
2-0: Called Strike
2-1: Ball
3-1: Called Strike
3-2: Base on Balls
Matt Williams to third
Raul Mondesi to second
Batting: RHB Jeff Kent 0-0: Called Strike
0-1: Fly out, F6 (Popup, 6, EV 63.1 MPH)
Top of the 1st over - 0 runs, 1 hit, 0 errors, 3 left on base; Montreal 0 - Colorado 0
BOTTOM OF THE 1ST
Colorado Rockies batting - Pitching for Montreal Expos : LHP Mark Guthrie
Pitching: LHP Mark Guthrie
Batting: LHB Todd Helton 0-0: Ball
1-0: Called Strike
1-1: Ground out 6-3 (Groundball, 6D, EV 99.4 MPH)
Batting: RHB Juan Gonzalez 0-0: Ground out 6-3 (Groundball, 4MS, EV 82.5 MPH)
Batting: RHB Damion Easley 0-0: Ball
1-0: Fly out, F9 (Flyball, 9LS, EV 91.9 MPH)
Bottom of the 1st over - 0 runs, 0 hits, 0 errors, 0 left on base; Montreal 0 - Colorado 0
TOP OF THE 2ND
Montreal Expos batting - Pitching for Colorado Rockies : RHP Jason Schmidt
Batting: RHB Mike Sweeney 0-0: Ball
1-0: Ball
2-0: Ball
3-0: Base on Balls
Batting: RHB Leo Gomez 0-0: Ball
1-0: Called Strike
1-1: Swinging Strike
1-2: SINGLE (Groundball, 6S, EV 70.0 MPH) (infield hit)
Mike Sweeney to second
Batting: RHB Jose Hernandez 0-0: Ball
1-0: Foul Ball, location: 2F
1-1: Ball
2-1: Called Strike
2-2: Strikes out swinging
Batting: SHB Ricky Otero 0-0: Ball
1-0: Foul Ball, location: 2F
1-1: Foul Ball, location: 2F
1-2: SINGLE (Line Drive, 78M, EV 105.6 MPH)
Mike Sweeney to third
Leo Gomez to second
Runner from 3rd tries for Home, SAFE, throw by CF to home
Batting: SHB Gregg Jefferies 0-0: Ball
1-0: SINGLE (Groundball, 34D, EV 106.9 MPH)
Leo Gomez to third
Ricky Otero to second
Runner from 3rd tries for Home, SAFE, no throw by RF
Batting: RHB Matt Williams 0-0: Called Strike
0-1: Ball
1-1: Ball
2-1: 3-RUN HOME RUN (Flyball, 7LD, EV 95.6 MPH), Distance : 345 ft
Batting: RHB Raul Mondesi 0-0: Ball
1-0: Ball
2-0: Called Strike
2-1: Swinging Strike
2-2: SINGLE (Line Drive, 89M, EV 111.9 MPH)
Batting: LHB Hal Morris 0-0: Called Strike
0-1: Called Strike
Raul Mondesi steals 2nd base
0-2: Ball
1-2: Fly out, F8 (Flyball, 89S, EV 82.5 MPH)
Batting: RHB Jeff Kent 0-0: Called Strike
0-1: Ball
1-1: 2-RUN HOME RUN (Flyball, 7D, EV 97.5 MPH), Distance : 407 ft
Batting: RHB Mike Sweeney 0-0: Ball
1-0: Swinging Strike
1-1: Swinging Strike
1-2: Strikes out swinging
Top of the 2nd over - 7 runs, 6 hits, 0 errors, 0 left on base; Montreal 7 - Colorado 0
BOTTOM OF THE 2ND
Colorado Rockies batting - Pitching for Montreal Expos : LHP Mark Guthrie
Batting: RHB Glenn Davis 0-0: Ball
1-0: SINGLE (Groundball, 6MD, EV 95.6 MPH)
Batting: SHB Dmitri Young 0-0: Called Strike
0-1: Swinging Strike
0-2: Ball
1-2: Ball
2-2: Ball
3-2: Strikes out swinging
Batting: RHB Steve Gibralter 0-0: Ball
1-0: SINGLE (Groundball, 5D, EV 100.0 MPH)
Glenn Davis to second
Batting: SHB Brian Banks 0-0: Called Strike
0-1: Fly out, F6 (Popup, 4M, EV 75.6 MPH)
Batting: LHB Keith Lockhart 0-0: Ball
1-0: Ball
2-0: Foul Ball, location: 2F
2-1: Called Strike
2-2: Fly out, F4 (Flyball, 34D, EV 91.9 MPH)
Bottom of the 2nd over - 0 runs, 2 hits, 0 errors, 2 left on base; Montreal 7 - Colorado 0
TOP OF THE 3RD
Montreal Expos batting - Pitching for Colorado Rockies : RHP Jason Schmidt
Batting: RHB Leo Gomez 0-0: Foul Ball, location: 2F
0-1: Foul Ball, location: 2F
0-2: Foul Ball, location: 2F
0-2: Ball
1-2: Foul Ball, location: 2F
1-2: Strikes out swinging
Batting: RHB Jose Hernandez 0-0: Swinging Strike
0-1: Swinging Strike
0-2: Strikes out swinging
Batting: SHB Ricky Otero 0-0: Ball
1-0: Swinging Strike
1-1: Ground out 4-3 (Groundball, 4S, EV 86.3 MPH)
Top of the 3rd over - 0 runs, 0 hits, 0 errors, 0 left on base; Montreal 7 - Colorado 0
BOTTOM OF THE 3RD
Colorado Rockies batting - Pitching for Montreal Expos : LHP Mark Guthrie
Batting: LHB Chip Hale 0-0: Foul Ball, location: 2F
0-1: Ground out 4-3 (Groundball, 4D, EV 101.9 MPH)
Batting: LHB Todd Helton 0-0: Called Strike
0-1: Called Strike
0-2: Strikes out swinging
Batting: RHB Juan Gonzalez 0-0: Ground out 5-3 (Groundball, 5, EV 85.6 MPH)
Bottom of the 3rd over - 0 runs, 0 hits, 0 errors, 0 left on base; Montreal 7 - Colorado 0
TOP OF THE 4TH
Montreal Expos batting - Pitching for Colorado Rockies : RHP Jason Schmidt
Batting: SHB Gregg Jefferies 0-0: Called Strike
0-1: Foul Ball, location: 2F
0-2: Ball
1-2: Ball
2-2: Fly out, F7 (Flyball, 7LSF, EV 90.0 MPH)
Batting: RHB Matt Williams 0-0: TRIPLE (Flyball, 89XD, EV 111.9 MPH)
Pitching: RHP John E. Farrell
Batting: RHB Raul Mondesi 0-0: SINGLE (Line Drive, 9LS, EV 95.0 MPH)
Matt Williams scores
Batting: LHB Hal Morris 0-0: Ball
Raul Mondesi steals 2nd base
1-0: Called Strike
1-1: Ball
2-1: Ball
3-1: Called Strike
3-2: Base on Balls
Batting: RHB Jeff Kent 0-0: Ball
1-0: Foul Ball, location: 2F
1-1: Swinging Strike
1-2: Foul Ball, location: 2F
1-2: Ball
Wild Pitch!
Raul Mondesi to third
Hal Morris to second
2-2: Foul Ball, location: 2F
2-2: Ball
3-2: Strikes out looking
Batting: RHB Mike Sweeney 0-0: Ball
1-0: Fly out, F8 (Flyball, 8RM, EV 97.5 MPH)
Top of the 4th over - 1 run, 2 hits, 0 errors, 2 left on base; Montreal 8 - Colorado 0
BOTTOM OF THE 4TH
Colorado Rockies batting - Pitching for Montreal Expos : LHP Mark Guthrie
Batting: RHB Damion Easley 0-0: DOUBLE (Line Drive, 7LM, EV 101.9 MPH)
Batting: RHB Glenn Davis 0-0: Foul Ball, location: 2F
0-1: Foul Ball, location: 2F
0-2: Ball
1-2: Ball
2-2: Foul Ball, location: 2F
2-2: Foul Ball, location: 2F
2-2: Strikes out swinging
Batting: SHB Dmitri Young 0-0: Ball
Damion Easley steals 3rd base
1-0: DOUBLE (Line Drive, 78XD, EV 99.4 MPH)
Damion Easley scores
Batting: RHB Steve Gibralter 0-0: Called Strike
0-1: Ball
1-1: Ball
2-1: Called Strike
2-2: Strikes out swinging
Batting: SHB Brian Banks 0-0: Ground out 5-3 (Groundball, 56, EV 90.6 MPH)
Bottom of the 4th over - 1 run, 2 hits, 0 errors, 1 left on base; Montreal 8 - Colorado 1
TOP OF THE 5TH
Montreal Expos batting - Pitching for Colorado Rockies : RHP John E. Farrell
Batting: RHB Leo Gomez 0-0: Called Strike
0-1: Ball
1-1: Foul Ball, location: 2F
1-2: Ground out 5-3 (Groundball, 5S, EV 86.9 MPH)
Batting: RHB Jose Hernandez 0-0: SINGLE (Groundball, 6MD, EV 97.5 MPH)
Batting: SHB Ricky Otero 0-0: Ground out 3-1 (Groundball, 3L, EV 97.5 MPH)
Jose Hernandez to second
Batting: SHB Gregg Jefferies 0-0: Called Strike
0-1: Ground out 1-3 (Groundball, 15S, EV 65.6 MPH)
Top of the 5th over - 0 runs, 1 hit, 0 errors, 1 left on base; Montreal 8 - Colorado 1
BOTTOM OF THE 5TH
Colorado Rockies batting - Pitching for Montreal Expos : LHP Mark Guthrie
Batting: LHB Keith Lockhart 0-0: Called Strike
0-1: Foul Ball, location: 2F
0-2: Ball
1-2: Ground out U3 (Groundball, 3, EV 85.6 MPH)
Batting: LHB Chip Hale 0-0: Ball
1-0: Foul Ball, location: 2F
1-1: DOUBLE (Flyball, 78D, EV 90.6 MPH)
Batting: LHB Todd Helton 0-0: Ball
1-0: Reached via error on a dropped throw from 1B, E1 (Groundball, 34, EV 89.4 MPH)
Chip Hale to third
Batting: RHB Juan Gonzalez 0-0: Called Strike
0-1: DOUBLE (Line Drive, 78D, EV 104.4 MPH)
Chip Hale scores
Todd Helton to third
Batting: RHB Damion Easley 0-0: Swinging Strike
0-1: Ball
1-1: Ball
2-1: SINGLE (Flyball, 7LS, EV 88.8 MPH)
Todd Helton scores
Juan Gonzalez to third
Runner from 3rd tries for Home, SAFE, no throw by LF
Batting: RHB Glenn Davis 0-0: Ball
1-0: Fly out, F2 (Popup, 13S, EV 85.6 MPH)
Batting: SHB Dmitri Young 0-0: Called Strike
0-1: Foul Ball, location: 2F
0-2: Ball
Damion Easley is caught stealing 2nd base 2-4
Bottom of the 5th over - 3 runs, 3 hits, 1 error, 0 left on base; Montreal 8 - Colorado 4
TOP OF THE 6TH
Montreal Expos batting - Pitching for Colorado Rockies : RHP John E. Farrell
Batting: RHB Matt Williams 0-0: Foul Ball, location: 2F
0-1: Fly out, F8 (Flyball, 8RM, EV 86.3 MPH)
Batting: RHB Raul Mondesi 0-0: Ball
1-0: Ball
2-0: Ball
3-0: Base on Balls
Batting: LHB Hal Morris 0-0: Called Strike
Raul Mondesi steals 2nd, throwing error, E2
Raul Mondesi to third
0-1: Swinging Strike
0-2: Ground out 1-3 (Groundball, 13, EV 82.5 MPH)
Batting: RHB Jeff Kent 0-0: Ground out 6-3 (Groundball, 6, EV 106.3 MPH)
Top of the 6th over - 0 runs, 0 hits, 1 error, 1 left on base; Montreal 8 - Colorado 4
BOTTOM OF THE 6TH
Colorado Rockies batting - Pitching for Montreal Expos : LHP Mark Guthrie
Batting: SHB Dmitri Young 0-0: Ball
1-0: Fly out, F2 (Popup, 3SF, EV 77.5 MPH)
Batting: RHB Steve Gibralter 0-0: Called Strike
0-1: Called Strike
0-2: Foul Ball, location: 2F
0-2: Ball
1-2: Foul Ball, location: 2F
1-2: Ground out 5-3 (Groundball, 56S, EV 81.9 MPH)
Batting: SHB Brian Banks 0-0: Ball
1-0: SINGLE (Line Drive, 8LS, EV 97.5 MPH)
Batting: LHB Keith Lockhart 0-0: Ball
1-0: Foul Ball, location: 2F
1-1: Foul Ball, location: 2F
1-2: Ball
2-2: Ball
3-2: Foul Ball, location: 2F
3-2: Fly out, F8 (Line Drive, 8RM, EV 93.1 MPH)
Bottom of the 6th over - 0 runs, 1 hit, 0 errors, 1 left on base; Montreal 8 - Colorado 4
TOP OF THE 7TH
Montreal Expos batting - Pitching for Colorado Rockies : RHP John E. Farrell
Batting: RHB Mike Sweeney 0-0: Swinging Strike
0-1: Ball
1-1: Foul Ball, location: 2F
1-2: Ball
2-2: Ground out 5-3 (Groundball, 56, EV 83.1 MPH)
Batting: RHB Leo Gomez 0-0: Foul Ball, location: 2F
0-1: Foul Ball, location: 2F
0-2: Ball
1-2: Fly out, F9 (Flyball, 9S, EV 85.6 MPH)
Batting: RHB Jose Hernandez 0-0: Foul Ball, location: 2F
0-1: Foul Ball, location: 2F
0-2: Strikes out swinging
Top of the 7th over - 0 runs, 0 hits, 0 errors, 0 left on base; Montreal 8 - Colorado 4
BOTTOM OF THE 7TH
Colorado Rockies batting - Pitching for Montreal Expos : LHP Mark Guthrie
Batting: LHB Chip Hale 0-0: Called Strike
0-1: Swinging Strike
0-2: Ball
1-2: Strikes out looking
Batting: LHB Todd Helton 0-0: Foul Ball, location: 2F
0-1: SOLO HOME RUN (Flyball, 9D, EV 106.3 MPH), Distance : 391 ft
Batting: RHB Juan Gonzalez 0-0: Called Strike
0-1: Fly out, F2 (Popup, 2LF, EV 91.3 MPH)
Batting: RHB Damion Easley 0-0: Ball
1-0: Fly out, F6 (Popup, 15, EV 88.8 MPH)
Bottom of the 7th over - 1 run, 1 hit, 0 errors, 0 left on base; Montreal 8 - Colorado 5
TOP OF THE 8TH
Montreal Expos batting - Pitching for Colorado Rockies : RHP John E. Farrell
Batting: SHB Ricky Otero 0-0: Ball
1-0: Ball
2-0: SINGLE (Groundball, 4D, EV 98.8 MPH)
Batting: SHB Gregg Jefferies 0-0: Foul Ball, location: 2F
0-1: Ball
1-1: Ball
Ricky Otero steals 2nd base
2-1: Ground out 1-3 (Groundball, 13S, EV 72.5 MPH)
Ricky Otero to third
Batting: RHB Matt Williams 0-0: Called Strike
0-1: Swinging Strike
0-2: Ball
1-2: Ball
2-2: Ball
3-2: Ground out 4-3 (Groundball, 4M, EV 80.6 MPH)
Ricky Otero scores
Batting: RHB Raul Mondesi 0-0: Ball
1-0: Ground out 1-3 (Groundball, 15S, EV 68.1 MPH)
Top of the 8th over - 1 run, 1 hit, 0 errors, 0 left on base; Montreal 9 - Colorado 5
BOTTOM OF THE 8TH
Colorado Rockies batting - Pitching for Montreal Expos : LHP Mark Guthrie
Batting: RHB Glenn Davis 0-0: Ball
1-0: Ball
2-0: SOLO HOME RUN (Line Drive, 89XD, EV 103.8 MPH), Distance : 420 ft
Batting: SHB Dmitri Young 0-0: Ball
1-0: Ball
2-0: Fly out, F6 (Line Drive, 6, EV 76.9 MPH)
Batting: RHB Steve Gibralter 0-0: Called Strike
0-1: Ball
1-1: Ground out 4-3 (Groundball, 4S, EV 85.0 MPH)
Batting: SHB Brian Banks 0-0: Ball
1-0: Swinging Strike
1-1: Swinging Strike
1-2: Strikes out swinging
Bottom of the 8th over - 1 run, 1 hit, 0 errors, 0 left on base; Montreal 9 - Colorado 6
TOP OF THE 9TH
Montreal Expos batting - Pitching for Colorado Rockies : RHP John E. Farrell
Batting: LHB Hal Morris 0-0: Called Strike
0-1: Ball
1-1: Swinging Strike
1-2: Foul Ball, location: 2F
1-2: Foul Ball, location: 2F
1-2: Fly out, F1 (Line Drive, P, EV 63.1 MPH)
Batting: RHB Jeff Kent 0-0: Called Strike
0-1: Ball
1-1: Fly out, F7 (Flyball, 7LD, EV 96.9 MPH)
Batting: RHB Mike Sweeney 0-0: Ball
1-0: Ball
2-0: Ball
3-0: Called Strike
3-1: Foul Ball, location: 2F
3-2: Foul Ball, location: 2F
3-2: Strikes out looking
Top of the 9th over - 0 runs, 0 hits, 0 errors, 0 left on base; Montreal 9 - Colorado 6
BOTTOM OF THE 9TH
Colorado Rockies batting - Pitching for Montreal Expos : LHP Mark Guthrie
Batting: LHB Keith Lockhart 0-0: Called Strike
0-1: Ball
1-1: DOUBLE (Line Drive, 7LD, EV 112.5 MPH)
Batting: LHB Chip Hale 0-0: Swinging Strike
0-1: Foul Ball, location: 2F
0-2: Ball
1-2: Foul Ball, location: 2F
1-2: Ball
2-2: Strikes out looking
Batting: LHB Todd Helton 0-0: Ball
1-0: Ball
2-0: Called Strike
2-1: Ground out 4-3 (Groundball, 4, EV 102.5 MPH)
Keith Lockhart to third
Batting: RHB Juan Gonzalez 0-0: Called Strike
0-1: Ground out 5-3 (Groundball, 56, EV 98.1 MPH)
Bottom of the 9th over - 0 runs, 1 hit, 0 errors, 1 left on base; Montreal 9 - Colorado 6
Thursday, February 12th, 2026 - OOTP Baseball 20.8 Build 74